 Dungeon Crawl Stone Soup version 0.29-a0-91-gdebf4667c2 (webtiles) character file.

Game seed: 3999079389997849581

625 RepHenryClay the Covered (level 7, -2/61 HPs)
             Began as a Deep Dwarf Fighter on Feb 7, 2022.
             Slain by an ogre (3 damage)
             ... on level 5 of the Dungeon.
             The game lasted 00:06:15 (2683 turns).

RepHenryClay the Covered (Deep Dwarf Fighter)       Turns: 2683, Time: 00:06:17

Health: -2/61      AC:  8    Str: 21    XL:     7   Next: 23%
Magic:  7/7        EV:  9    Int:  9    God:
Gold:   131        SH:  4    Dex: 12    Spells: 12/12 levels left

rFire   . . .      SeeInvis .   a - +0 war axe (flame)
rCold   . . .      Faith    .   c - +0 buckler
rNeg    . . .      Spirit   .   l - +0 scale mail
rPois   .          Reflect  .   (no helmet)
rElec   .          Harm     .   h - +0 cloak
rCorr   .          Rampage  .   (no gloves)
Will    +....                   (no boots)
Stlth   ..........              (no amulet)
HPRegen 0.00/turn               (no ring)
MPRegen 0.10/turn               (no ring)

@: no status effects
A: damage resistance, heal wounds, sense surroundings 1, no regeneration
a: Heal Wounds


You were on level 5 of the Dungeon.
You visited 1 branch of the dungeon, and saw 5 of its levels.

You collected 131 gold pieces.

Inventory:

Hand Weapons
 a - a +0 war axe of flaming (weapon)
 b - a +0 vampiric spear
Armour
 c - a +0 buckler (worn)
 h - a +0 cloak (worn)
 l - a +0 scale mail (worn)
Scrolls
 f - a scroll of identify {@r1}
 k - a scroll of brand weapon
Potions
 d - a potion of might
 e - a potion of haste
 n - a potion of heal wounds
 o - 2 potions of mutation


   Skills:
 - Level 2.6 Fighting
 + Level 5.4 Axes
 + Level 6.1 Armour
 - Level 3.2 Shields
 + Level 3.2 Spellcasting


You had 12 spell levels left.
You didn't know any spells.
Your spell library contained the following spells:

 Spells                   Type           Power      Damage    Failure   Level
 Conjure Flame            Conj/Fire      1%         6-21      96%         3
 Ignite Poison            Fire/Tmut/Pois 1%         N/A       96%         3
 Sticky Flame             Conj/Fire      1%         2d3       100%        4


Dungeon Overview and Level Annotations

Branches:
Dungeon (5/15)
 Temple: D:4-7

Altars:
Ashenzari
Cheibriados
Fedhas
Gozag
Ru
Vehumet
Yredelemnul

Shops:
D:2 ((

Annotations:
D:4 unfinished


Innate Abilities, Weirdness & Mutations

You are resistant to damage.
You can heal yourself by infusing magical energy.
You passively map a small area around you.
You do not regenerate.


Message History

Found a radiant altar of Vehumet.
Found a stone staircase leading up.
There is a stone staircase leading up here.
An ogre comes into view. It is wielding a +0 giant spiked club.
The ogre shouts!
An ogre is nearby!
You are too injured to fight recklessly!
A sky beast comes into view.
You slash the ogre! You burn the ogre.
The ogre is moderately wounded.
The ogre closely misses you.
You barely miss the ogre.
The ogre is moderately wounded.
The sky beast flickers out of sight!
Deactivating autopickup; reactivate with Ctrl-A.
The ogre hits you with a +0 giant spiked club!!
* * * LOW HITPOINT WARNING * * *
Huge Dmg: -41%(-25hp) hp: 15%(9hp)
You fail to use your ability.
You block the ogre's attack.
A sky beast appears from thin air!
Reactivating autopickup.
You completely miss the ogre.
The ogre is moderately wounded.
The ogre closely misses you.
The sky beast flickers out of sight!
Deactivating autopickup; reactivate with Ctrl-A.
Something hits you but does no damage.
There is a stone staircase leading up here.
You fail to use your ability.
The ogre hits you with a +0 giant spiked club!
* * * LOW HITPOINT WARNING * * *
Huge Dmg: -13%(-8hp) hp: 2%(1hp) Unknown command.
Unknown command.
Okay, then.
Okay, then.
You fail to use your ability.
A sky beast appears from thin air!
Reactivating autopickup.
The ogre hits you with a +0 giant spiked club.
You die...

....##.............###.....
*
.....#..............#......
#..#....#.....##..........#
#####...#....###....#.....#
# ###.........###.#.......#
###.#..................#,
..................§.#.##
#...##....#......#O.#*#
##...####.#......@###
##...####.......###
......##..........#
.#................#
.#........#.......#
#........#......##
...............#.#
.##.#.....##..####
......☼.§..##.#


You could see an ogre.

Vanquished Creatures
  Grinder (D:4)
  A necrophage (D:4)
  A phantom (D:4)
  2 hounds
  An iguana (D:5)
  Natasha (twice) (D:3)
  2 adders
  4 gnolls (D:3)
  A shadow imp (D:5)
  A white imp (D:5)
  2 worms (D:3)
  4 dart slugs
  8 ball pythons
  8 endoplasms
  4 giant cockroaches
  9 goblins
  3 hobgoblins
  A quokka (D:4)
  4 bats
  2 frilled lizards
  7 kobolds
  4 rats
72 creatures vanquished.

Notes
Turn   | Place    | Note
-------+----------+-------------------------------------------
     0 | D:1      | RepHenryClay the Deep Dwarf Fighter began the quest for the
                  | Orb.
     0 | D:1      | Reached XP level 1. HP: 20/20 MP: 1/1
    17 | D:1      | Reached XP level 2. HP: 20/27 MP: 2/2
   729 | D:2      | Found Jicw's Weapon Shop.
   765 | D:2      | Reached skill level 4 in Armour
   765 | D:2      | Reached XP level 3. HP: 27/33 MP: 3/3
   791 | D:2      | Found Dayvvais's Antique Weapon Emporium.
  1410 | D:3      | Reached skill level 1 in Spellcasting
  1447 | D:3      | Reached XP level 4. HP: 34/40 MP: 5/5
  1745 | D:3      | Noticed Natasha
  1759 | D:3      | Killed Natasha
  1760 | D:3      | Reached XP level 5. HP: 17/46 MP: 7/7
  1866 | D:3      | Noticed Natasha
  1899 | D:3      | Killed Natasha
  2063 | D:4      | Found a sacrificial altar of Ru.
  2085 | D:4      | Reached skill level 5 in Armour
  2144 | D:4      | Found a basalt altar of Yredelemnul.
  2152 | D:4      | Noticed Grinder
  2169 | D:4      | Killed Grinder
  2170 | D:4      | Reached XP level 6. HP: 12/55 MP: 5/7
  2255 | D:4      | Reached skill level 5 in Axes
  2300 | D:4      | Reached XP level 7. HP: 17/61 MP: 7/7
  2311 | D:4      | Reached skill level 6 in Armour
  2315 | D:4      | Found an opulent altar of Gozag.
  2316 | D:4      | Found a broken altar of Ashenzari.
  2318 | D:4      | Found a snail-covered altar of Cheibriados.
  2395 | D:4      | Found a blossoming altar of Fedhas.
  2451 | D:5      | Entered Level 5 of the Dungeon
  2651 | D:5      | Found a radiant altar of Vehumet.
  2682 | D:5      | HP: 1/61 [ogre (8)]
  2683 | D:5      | Slain by an ogre

Illustrated notes

Levels and vault maps discovered:
D:1:      minmay_arrival_stone_box, layout_basic, serial_bayou_pond_b,
          grunt_decor_clamped
D:2:      layout_loops_ring, serial_shops, nicolae_shop_bloodbath_and_beyond,
          shop, grunt_decor_arrowhead, minmay_misc_feat_square
D:3:      layout_basic, hex_medium, uniq_natasha
D:4:      layout_gridville, mainiacjoe_overflow_24_doors,
          mainiacjoe_overflow_concentric_impassable,
          mainiacjoe_overflow_chevrons, grunt_temple_overflow_open,
          serial_shops, shop_fountains, uniq_grinder
D:5:      layout_cave_pools, general_overflow_altar, fiery_altar_vehumet,
          kennysheep_mini, corner_web_ring

Skill      XL: |  1  2  3  4  5  6  7 |
---------------+----------------------+-----
Axes           | 3 4 5 |  5.4
Armour         | 4 5 6 |  6.1
Spellcasting   | 1 2 3 |  3.2
Fighting       | |  2.6
Shields        | |  3.2

Action                   |  1- 3 |  4- 6 |  7- 9 || total
-------------------------+-------+-------+-------++-------
Melee: War axe           |   116 |    63 |    10 ||   189
       Spear             |       |    76 |    28 ||   104
 Abil: Heal Wounds       |     2 |     5 |     1 ||     8
  Use: Potion            |       |     1 |       ||     1
       Scroll            |       |       |     8 ||     8
Armor: Scale mail        |    55 |    66 |    17 ||   138
Dodge: Dodged            |    53 |    52 |    18 ||   123
Block: Buckler           |    24 |    31 |    14 ||    69

Table legend: (Time is in decaauts)
 A = Elapsed time spent in this place.
 B = Non-inter-level travel time spent in this place.
 C = Inter-level travel time spent in this place.
 D = Time resting spent in this place.
 E = Time spent auto-exploring this place.
 F = Levels seen in this place.
 G = Mean time per level.
                   A        B        C        D        E       F      G
               +--------+--------+--------+--------+--------+-----+--------+
         Total |   2771 |   2683 |     88 |    138 |   1803 |   5 |  554.2 |
       Dungeon |   2771 |   2683 |     88 |    138 |   1803 |   5 |  554.2 |
               +--------+--------+--------+--------+--------+-----+--------+

Top non-repeatable levels by time:
     D:3: 779 daAuts
     D:1: 717 daAuts
     D:2: 607 daAuts
     D:4: 439 daAuts
     D:5: 227 daAuts
